 Dungeon Crawl Stone Soup version 0.17-a0-1150-g17b0b87 (webtiles) character file.

134 Herrn the Conjurer (level 4, -10/29 HPs)
             Began as a High Elf Conjurer on May 27, 2015.
             Killed from afar by Ijyb (24 damage)
             ... with a wand of lightning
             ... on level 3 of the Dungeon.
             The game lasted 00:10:47 (3497 turns).

Herrn the Conjurer (High Elf Conjurer)              Turns: 3497, Time: 00:10:47

Health: -10/29     AC:  5    Str:  7    XL:     4   Next: 95%
Magic:  5/8        EV: 13    Int: 18    God:
Gold:   79         SH:  0    Dex: 17    Spells: 2 memorised, 2 levels left

rFire  . . .     SeeInvis .     e - +0 dagger
rCold  . . .     Clarity  .     t - +0 robe (curse)
rNeg   . . .     SustAt   .     (no shield)
rPois  .         Gourm    .     (no helmet)
rElec  .         Spirit   .     r - +1 cloak
rCorr  .         Warding  .     (no gloves)
rMut   .         Stasis   .     q - +0 pair of boots
MR     .....                    (no amulet)
Stlth  ++........               (no ring)
                                m - ring of wizardry

@: not resistant to hostile enchantments, unstealthy
A: no striking features
a: no special abilities


You were on level 3 of the Dungeon.
You were not hungry.

You visited 1 branch of the dungeon, and saw 3 of its levels.

You collected 79 gold pieces.

Inventory:

Hand weapons
 e - a +0 dagger (weapon)
Armour
 h - a +0 robe
 q - a +0 pair of boots (worn)
 r - a +1 cloak (worn)
 t - a cursed +0 robe (worn)
Jewellery
 m - a ring of wizardry (left hand)
Magical devices
 w - a wand of cold (8)
Scrolls
 a - a scroll of fog {unknown}
 d - 2 scrolls of fear {unknown}
 f - a scroll of remove curse {unknown}
 g - a scroll of teleportation {unknown}
 k - 5 scrolls of identify {unknown}
 l - a scroll of noise {unknown}
 n - a scroll of amnesia {unknown}
 s - a scroll of random uselessness {unknown}
 y - a scroll of recharging {unknown}
Potions
 i - a potion of agility {unknown}
 j - a potion of degeneration {unknown}
 o - a potion of haste {unknown}
 p - a potion of curing {unknown}
 u - 2 potions of heal wounds {unknown}
 v - a potion of lignification {unknown}
Books
 b - a book of Conjurations

   Spells                             Type                      Level
   a - Magic Dart                     Conjuration                  1
   b - Searing Ray                    Conjuration                  2
   c - Dazzling Spray                 Conjuration/Hexes            3
   d - Fulminant Prism                Conjuration/Hexes            4
   e - Iskenderun's Mystic Blast      Conjuration                  4
   f - Iskenderun's Battlesphere      Conjuration/Charms           5
Comestibles
 c - 2 bread rations
 x - a meat ration


   Skills:
 * Level 1.8 Fighting
 - Level 0.5 Short Blades
 * Level 1.3 Armour
 * Level 2.9 Dodging
 - Level 2.1 Stealth
 - Level 2.4 Spellcasting
 + Level 5.7 Conjurations


You had 2 spell levels left.
You knew the following spells:

 Your Spells              Type           Power        Failure   Level  Hunger
a - Magic Dart            Conj           ###.         1%          1    #......
b - Iskenderun's Mystic   Conj           ###.....     9%          4    #####..


Dungeon Overview and Level Annotations

Branches:
Dungeon (3/15)

Altars:

Annotations:
D:3 Ijyb


Message History

You kill the giant gecko!
Casting: Magic Dart
Confirm with . or Enter, or press ? or * to list all spells.
You can't see any susceptible monsters within range! (Use Z to cast anyway.)
Casting: Magic Dart
Confirm with . or Enter, or press ? or * to list all spells.
You can't see any susceptible monsters within range! (Use Z to cast anyway.)
Casting: Magic Dart
Confirm with . or Enter, or press ? or * to list all spells.
Okay, then.
A jackal and Ijyb come into view.
Ijyb shouts!
The jackal barks!
You hear a shout!
A jackal comes into view.
Ijyb zaps a wand.
The bolt of lightning misses you. The bolt of lightning hits you!
Ouch! That really hurt!
It is a wand of lightning.
Ijyb zaps a wand.
The bolt of lightning hits you!
Ouch! That really hurt!
You die...

#.###.###.####....########...
#...(.#...# ####.<....###### ##
####....### ###..............
.#######..#.#####...##...##...###
..................######..###..##
######....#..###### ##.####..#
##...###....## #..# ##.. ##)..##
####..# ##.# #.. ##.<..# ##@###
#.####.. #..#### #...## #...##..
#..# ###..# ###.##.( ##.## ##.#
#.##.. ##..# #g# #.##.. ....# ...
#..#.. .....# ..... ##..## ....##
#...h.. ##..# ##### #....... ##..


You could see Ijyb.

Vanquished Creatures
  An orc wizard (D:3)
  2 adders (D:2)
  2 oozes (D:2)
  3 worms (D:2)
  3 giant geckos
  4 orcs (D:3)
  A ball python (D:2)
  2 giant cockroaches
  6 goblins
  8 hobgoblins
  11 kobolds
  2 quokkas
  6 bats
  4 giant newts
  3 jackals (D:1)
  12 rats
70 creatures vanquished.

Notes
Turn   | Place    | Note
--------------------------------------------------------------
     0 | D:1      | Herrn the High Elf Conjurer began the quest for the Orb.
     0 | D:1      | Reached XP level 1. HP: 11/11 MP: 4/4
   281 | D:1      | Reached XP level 2. HP: 18/18 MP: 4/6
   738 | D:1      | Reached skill level 1 in Fighting
   877 | D:1      | Reached skill level 5 in Conjurations
  1074 | D:1      | Reached XP level 3. HP: 23/23 MP: 4/7
  2163 | D:2      | Reached skill level 1 in Armour
  2163 | D:2      | Reached XP level 4. HP: 28/28 MP: 1/8
  3034 | D:3      | Learned a level 4 spell: Iskenderun's Mystic Blast
  3494 | D:3      | Noticed Ijyb
  3497 | D:3      | Killed from afar by Ijyb

Vault maps used:
D:1:      dpeg_arrival_castle, hangedman_abyss_or_decor_lesser_grid, minivault_5
D:2:      due_unseen_surprise
D:3:      first_bread, uniq_iyjb

Action                   |  1- 3 |  4- 6 || total
-------------------------+-------+-------++-------
Melee: Dagger            |     8 |    11 ||    19
 Cast: Magic Dart        |   111 |    63 ||   174
  Eat: Meat ration       |     1 |       ||     1
       Beef jerky        |     1 |       ||     1
       Chunk             |       |     2 ||     2
